cohdb
Replays
Latest Replays
All Replays
Popular Replays
Top Player Replays
Match Explorer
How It Works
Community
CoH3 Stats
Reddit
Sign in to upload your games and track your stats! →
Sign in with Steam
Match 42800732
Unlisted
Match 42800732
Overview
Messages
Build Orders
End
Kradschützen Motorcycle Team
Kradschützen Motorcycle Team
Selects Armored Support Battlegroup
Selects Armored Support Battlegroup
250 Light Carrier
Construct Light Support Kompanie
Assault Grenadier Squad
MG34 Team
Selects Superior Fire Drills
Construct Mechanized Kompanie
Panzerjäger Mechanized Group
8 Rad Armored Car
Vehicle Survival Package
8 Rad Armored Car
Support Armor Elements
Pak 38 Anti-tank Gun Team
2.5-tonne Medical Truck
StuG III D Assault Gun
254 Reconnaissance Tractor
Selects Flammpanzer III Medium Tank
Selects Command Panzer IV F Medium Tank
Emergency Repair Kits
Selects Salvage Kits
Willaguy
IJkoek
0
0
Comments
sign in to comment!
No comments posted yet!